Map: Ruins of Seras

Players

PiG - Winner!

  • Race: Zerg Zerg
  • League: Grandmaster

NoPinSea (Probe)

  • Race: Protoss Protoss
  • League: Master

Event: 2016 WCS Winter Challenger Oceania SEA

VOD

Have the link to the VOD?

Description

Time

  • Played on: Feb. 13, 2016, 8:32 p.m.
  • Length: 11:26

All games in this series

Show
View Real Time Build Order
Export as new Build Order

PiG Zerg - Winner!

Build Orders: 3 Hatch before Pool, Lurkers 

Get SALT Encoding   

  12  0:00  Drone  
  13  0:12  Overlord  
  13  0:18  Drone  
  14  0:30  Drone x2  
  14  0:35  Drone  
  17  0:45  Drone  
  18  0:56  Hatchery  
  17  0:59  Drone  
  18  1:10  Drone  
  19  1:22  Drone  
  20  1:28  Drone  
  20  1:30  Hatchery  
  20  1:36  Extractor  
  19  1:44  Spawning Pool  
  19  1:46  Drone  
  19  1:51  Drone  
  20  2:02  Drone  
  21  2:09  Overlord  
  21  2:11  Drone  
  22  2:18  Drone  
  23  2:24  Drone  
  23  2:29  Drone  
  25  2:30  Queen x2  
  25  2:36  Metabolic Boost  
  29  2:44  Queen  
  29  2:47  Drone  
  29  2:48  Drone  
  29  2:50  Zergling x2  
  34  2:54  Zergling x2  
  34  2:57  Overlord  
  35  2:59  Drone  
  35  3:02  Drone  
  35  3:05  Drone  
  38  3:09  Drone  
  38  3:10  Drone  
  40  3:14  Overlord  
  40  3:15  Drone x2  
  42  3:26  Zergling x2  
  43  3:27  Zergling x2  
  43  3:29  Queen  
  43  3:31  Overlord  
  46  3:34  Drone  
  46  3:38  Overlord  
  46  3:40  Drone x3  
  50  3:42  Drone x2  
  50  3:47  Drone x3  
  55  3:50  Drone  
  55  3:54  Drone  
  56  3:57  Extractor  
  56  3:58  Drone  
  56  4:02  Zergling x6  
  59  4:03  Zergling x2  
  59  4:04  Drone  
  61  4:10  Overlord x3  
  61  4:12  Drone x2  
  61  4:15  Drone  
  64  4:22  Drone x2  
  66  4:24  Spore Crawler  
  66  4:26  Spore Crawler  
  66  4:28  Drone  
  66  4:29  Spore Crawler  
  61  4:31  Drone x2  
  61  4:34  Drone x2, Lair  
  61  4:35  Drone  
  61  4:37  Spore Crawler  
  65  4:38  Drone  
  65  4:40  Drone  
  67  4:50  Drone  
  68  4:55  Drone x2  
  68  5:00  Drone x3  
  68  5:01  Spore Crawler  
  68  5:03  Extractor  
  68  5:04  Extractor  
  68  5:05  Drone x3  
  68  5:06  Extractor  
  68  5:07  Extractor  
  67  5:09  Zergling x8  
  70  5:16  Zergling x6  
  70  5:20  Evolution Chamber  
  70  5:21  Roach Warren  
  71  5:24  Drone  
  71  5:26  Drone  
  73  5:34  Drone x3  
  73  5:35  Drone x2  
  78  5:37  Drone  
  78  5:38  Queen  
  78  5:40  Hydralisk Den  
  78  5:41  Drone x2  
  82  5:47  Hatchery  
  78  5:53  Zerg Missile Weapons Level 1  
  78  5:54  Drone  
  78  5:55  Drone x2  
  78  5:59  Overlord x2  
  78  6:05  Overlord x3  
  78  6:10  Muscular Augments  
  76  6:16  Overlord  
  76  6:21  Drone x2  
  76  6:22  Drone  
  76  6:25  Hydralisk x4  
  82  6:30  Hydralisk x3  
  82  6:31  Hydralisk  
  94  6:33  Drone  
  94  6:35  Glial Reconstitution  
  94  6:37  Hydralisk  
  94  6:39  Pneumatized Carapace  
  97  6:43  Hydralisk x2  
  97  6:47  Hydralisk x5  
  101  6:51  Hydralisk  
  113  6:55  Overseer  
  113  7:20  Drone x8  
  113  7:21  Drone  
  122  7:24  Hydralisk x3  
  122  7:29  Overlord x6  
  126  7:38  Extractor  
  126  7:41  Lurker Den  
  126  7:42  Extractor  
  124  7:44  Spore Crawler  
  123  7:52  Drone x3  
  123  7:59  Zerg Missile Weapons Level 2  
  123  8:00  Roach  
  123  8:01  Roach x6  
  137  8:06  Zergling x10  
  137  8:11  Zergling x4  
  137  8:12  Zergling x2  
  149  8:20  Roach x7  
  149  8:23  Roach x3  
  165  8:27  Queen  
  166  8:40  Overlord x5  
  166  8:41  Overlord  
  165  8:42  Infestation Pit  
  164  9:07  Hydralisk x3, Roach x2  
  164  9:08  Hydralisk, Roach x2  
  164  9:09  Roach x4  
  184  9:23  Lurker x7  
  191  9:29  Queen  
  191  9:33  Pathogen Glands  
  191  9:39  Spine Crawler x2  
  191  9:41  Hydralisk x3  
  191  9:44  Lurker x4  
  191  9:45  Lurker x3  
  200  9:54  Overseer  
  191  10:21  Roach x9  
  191  10:30  Ravager x2  
  191  10:35  Roach x8  
  189  10:42  Hatchery  
  180  10:46  Extractor x2  
  180  10:49  Hydralisk x6  
  156  10:52  Hydralisk  
Show
View Real Time Build Order
Export as new Build Order

NoPinSea Protoss 

Build Orders: 1 Gate Expand, Phoenix Opening 

Get SALT Encoding   

  12  0:01  Probe (Chrono Boost)  
  13  0:11  Probe (Chrono Boost)  
  14  0:19  Pylon  
  14  0:22  Probe (Chrono Boost)  
  15  0:38  Probe (Chrono Boost)  
  15  0:42  Gateway  
  16  0:48  Probe (Chrono Boost)  
  17  0:52  Assimilator  
  17  0:59  Probe (Chrono Boost)  
  18  1:09  Probe (Chrono Boost)  
  19  1:23  Nexus  
  20  1:25  Probe (Chrono Boost)  
  20  1:35  Cybernetics Core  
  20  1:39  Probe (Chrono Boost)  
  21  1:44  Assimilator  
  21  1:50  Probe (Chrono Boost)  
  21  1:53  Pylon  
  22  2:00  Probe (Chrono Boost)  
  23  2:12  Probe (Chrono Boost)  
  23  2:14  Stalker (Chrono Boost), Warp Gate  
  26  2:23  Probe  
  27  2:35  Probe x2 (Chrono Boost)  
  29  2:38  Stargate  
  29  2:44  Adept  
  29  2:46  Probe x2 (Chrono Boost)  
  33  2:56  Probe x2 (Chrono Boost)  
  35  3:01  Pylon  
  35  3:07  Probe x2 (Chrono Boost)  
  39  3:13  Adept  
  39  3:17  Probe (Chrono Boost)  
  39  3:18  Mothership Core (Chrono Boost)  
  42  3:23  Phoenix (Chrono Boost)  
  42  3:26  Probe  
  45  3:37  Probe  
  45  3:38  Probe  
  47  3:47  Forge, Phoenix (Chrono Boost)  
  49  3:49  Gateway  
  49  3:55  Gateway  
  49  3:58  Pylon  
  49  4:07  Probe  
  49  4:08  Probe  
  49  4:09  Phoenix (Chrono Boost)  
  53  4:10  Assimilator  
  53  4:11  Assimilator  
  53  4:17  Probe  
  53  4:20  Probe  
  55  4:28  Probe  
  55  4:30  Phoenix (Chrono Boost)  
  58  4:32  Probe  
  58  4:38  Probe, Sentry  
  57  4:44  Probe  
  59  4:49  Probe, Adept  
  62  4:57  Probe  
  62  5:03  Pylon  
  62  5:06  Pylon  
  62  5:14  Phoenix (Chrono Boost)  
  62  5:19  Probe  
  63  5:21  Nexus  
  63  5:24  Pylon  
  63  5:26  Twilight Council  
  63  5:28  Robotics Facility, Adept x2  
  63  5:31  Probe  
  68  5:39  Probe  
  68  5:42  Adept  
  71  5:43  Phoenix (Chrono Boost)  
  71  5:44  Probe, Protoss Ground Weapons Level 1 (Chrono Boost)  
  74  5:52  Probe  
  74  5:56  Probe  
  76  6:04  Probe  
  77  6:09  Probe  
  77  6:10  Charge (Chrono Boost)  
  78  6:15  Adept x2  
  78  6:16  Probe, Adept  
  85  6:21  Probe  
  86  6:32  Pylon  
  86  6:33  Probe x2  
  86  6:34  Immortal (Chrono Boost)  
  86  6:38  Probe  
  93  6:45  Probe x2  
  94  6:48  Probe  
  95  6:55  Gateway  
  95  6:56  Gateway  
  95  6:57  Probe  
  95  6:58  Sentry x2  
  95  6:59  Gateway  
  95  7:00  Gateway  
  100  7:06  Adept, Immortal (Chrono Boost)  
  106  7:20  Protoss Ground Weapons Level 2  
  106  7:27  Templar Archives  
  106  7:30  Pylon  
  106  7:32  Pylon, Zealot  
  106  7:33  Zealot x2  
  106  7:35  Pylon  
  100  7:37  Robotics Facility  
  100  7:38  Pylon  
  100  7:40  Observer  
  101  7:54  Zealot x5  
  101  7:55  Zealot  
  111  8:00  Robotics Bay  
  111  8:01  Warp Prism  
  111  8:02  Zealot  
  115  8:17  High Templar x2  
  115  8:18  Zealot x4  
  127  8:24  Archon  
  127  8:34  Nexus  
  127  8:35  Pylon  
  127  8:38  Adept x3  
  127  8:39  Adept  
  134  8:43  Immortal (Chrono Boost)  
  138  8:50  Disruptor (Chrono Boost)  
  138  8:55  Zealot x3  
  133  8:59  Zealot x3  
  133  9:00  Zealot  
  145  9:13  Photon Cannon  
  145  9:15  Photon Cannon, Assimilator x2  
  145  9:17  Photon Cannon  
  139  9:25  Disruptor (Chrono Boost)  
  139  9:26  Immortal (Chrono Boost)  
  134  9:35  Zealot  
  134  9:36  Zealot  
  138  9:44  Zealot  
  138  9:45  Zealot x4  
  148  9:48  Probe, Photon Cannon  
  148  9:49  Probe x2  
  149  9:56  Disruptor (Chrono Boost)  
  151  10:20  Observer (Chrono Boost)  
  123  10:23  Zealot  
  123  10:24  Zealot x6  
  123  10:27  Disruptor (Chrono Boost)  
  114  10:36  Mothership Core  
  114  10:39  Disruptor (Chrono Boost)  
  115  10:45  Zealot  
  94  10:50  Zealot  
  94  10:53  Zealot  
  78  11:06  Zealot x2  
Tags
 
Add a new tag
Caveats
  • Supply blocks, unpowered buildings, or Contaminate may cause inaccurate times.
  • Supply counts are checked every 10 seconds.